 Dungeon Crawl Stone Soup version 0.32-a0-616-g9348d4545b (webtiles) character file.

Game seed: 2112295862163720689

2079 smashvw the Summoner (level 9, -12/39 HPs)
             Began as a Felid Summoner on Mar 6, 2024.
             Was an Initiate of Gozag.
             Hit by a large rock thrown by a cyclops (30 damage)
             ... on level 6 of the Dungeon.
             The game lasted 00:20:18 (6220 turns).

smashvw the Summoner (Felid Summoner)               Turns: 6220, Time: 00:20:18

Health: -12/39     AC:  2    Str:  4    XL:     9   Next: 6%
Magic:  6/20       EV: 17    Int: 23    God:    Gozag
Gold:   576        SH:  0    Dex: 17    Spells: 6/22 levels left
                                        Lives:  0   Deaths: 3

rFire   . . .        (weapon unavailable)
rCold   . . .        (shield unavailable)
rNeg    . . .        (body armour unavailable)
rPois   .            (helmet unavailable)
rElec   .            (cloak unavailable)
rCorr   +            (gloves unavailable)
SInv    +            (boots unavailable)
Will    +....        (no amulet)
Stlth   ++           p - ring of resist corrosion
HPRegen 0.26/turn    (no ring)
MPRegen 0.17/turn

%: no passive effects
@: about to teleport, gold aura
A: very small, claws 1, fangs 3, see invisible, shaggy fur 2, stealthy paws, no
weapons or thrown items, no armour, multi-lived
a: Renounce Religion, Potion Petition, Call Merchant, Bribe Branch


You were on level 6 of the Dungeon.
You worshipped Gozag.
Gozag was pleased with you.
You visited 1 branch of the dungeon, and saw 6 of its levels.

You collected 647 gold pieces.
You paid 71 gold pieces to Gozag.

Inventory:

Jewellery
 l - an amulet of guardian spirit
 p - a ring of resist corrosion (left paw)
Talismans
 t - a maw talisman
Wands
 n - a wand of warping (10)
Scrolls
 c - a scroll of teleportation
 d - 2 scrolls of silence {unknown}
 h - 2 scrolls of revelation
 i - a scroll of enchant armour
 o - 2 scrolls of enchant weapon {unknown}
 s - a scroll of noise
Potions
 a - a potion of magic
 b - a potion of berserk rage
 e - 2 potions of haste {unknown}
 f - a potion of might {unknown}
 j - 2 potions of heal wounds {unknown}
 k - 3 potions of curing {unknown}
 m - a potion of resistance {unknown}
 q - a potion of enlightenment {unknown}
 r - 2 potions of degeneration {unknown}


   Skills:
 - Level 2.6 Dodging
 - Level 2.6 Stealth
 + Level 7.1 Spellcasting
 + Level 8.4 Summonings
 - Level 5.0 Fire Magic


You had 6 spell levels left.
You knew the following spells:

 Your Spells              Type           Power      Damage    Failure   Level
a - Summon Small Mammal   Summ           100%       N/A       1%          1
b - Summon Ice Beast      Ice/Summ       27%        N/A       4%          3
c - Call Canine Familiar  Summ           47%        N/A       1%          3
d - Summon Blazeheart Go  Fire/Summ      39%        N/A       4%          4
e - Summon Mana Viper     Hex/Summ       27%        N/A       36%         5

Your spell library contained the following spells:

 Spells                   Type           Power      Damage    Failure   Level
 Call Imp                 Summ           94%        N/A       1%          2
 Necrotise                Necr           32%        1d5       8%          1
 Blink                    Tloc           16%        N/A       12%         2
 Lesser Beckoning         Tloc           16%        N/A       12%         2
 Momentum Strike          Conj/Tloc      16%        3d8       12%         2
 Summon Lightning Spire   Summ/Air       27%        N/A       13%         4
 Gell's Gravitas          Tloc           8%         N/A       22%         3
 Teleport Other           Tloc           8%         N/A       22%         3
 Tukima's Dance           Hex            8%         N/A       22%         3
 Ignite Poison            Fire/Alch      19%        N/A       26%         4
 Sticky Flame             Fire/Alch      19%        2d6       26%         4
 Iskenderun's Mystic Bla  Conj/Tloc      8%         2d4       58%         4
 Monstrous Menagerie      Summ           23%        N/A       90%         7
 Ignition                 Fire           15%        3d6       100%        8
 Dimensional Bullseye     Hex/Tloc       Unusable   N/A       N/A         4

Dungeon Overview and Level Annotations

Branches:
Dungeon (6/15)
 Temple: D:4-7

Altars:
Dithmenos
Gozag
Makhleb
Nemelex Xobeh
Yredelemnul

Shops:
D:6 :


Innate Abilities, Weirdness & Mutations

You have sharp claws.
You have razor-sharp teeth.
You have supernaturally acute eyesight. (SInv)
You are covered in thick fur. (AC +2)
Your paws help you pounce on unaware monsters.
You are incapable of wielding weapons or throwing items.
You cannot wear armour.
You gain extra lives every three experience levels.


Message History

An orc comes into view. It is wielding a +0 club.
The orc wizard gestures wildly while chanting.
The orc wizard flickers and vanishes for a moment.
The gnoll sergeant closely misses you.
The ogre hits your blazeheart golem with a +0 giant club!
Your blazeheart golem punches the gnoll sergeant!
Your magical contamination has completely faded away.
The gnoll sergeant is distracted by your dazzling golden aura.
The ogre hits your blazeheart golem with a +0 giant club!
An ogre comes into view. It is wielding a +0 giant club.
A gnoll comes into view. It is wielding a +0 whip.
Your blazeheart golem punches the ogre.
Your blazeheart golem falls apart, revealing its core!
The gnoll sergeant is no longer distracted by gold.
Your blazeheart core explodes!
The fiery explosion engulfs the gnoll sergeant!!
You kill the gnoll sergeant!
The fiery explosion engulfs the orc wizard!!!
You kill the orc wizard!
The fiery explosion engulfs the ogre!
The orc throws a boomerang.
The boomerang completely misses you.
The ogre is engulfed in blazing flames.
You kill the ogre!
You hear a howl!
Training target 5.0 for Fire Magic reached!
Your Spellcasting skill increases to level 7!
Your Fire Magic skill increases to level 5!
You have reached level 9!
Your experience leads to an increase in your attributes!
Increase (S)trength, (I)ntelligence, or (D)exterity?
You feel clever. x2
Okay, then.
As you read the scroll of teleportation, it crumbles to dust.
You feel strangely unstable.
Your familiar recovers from its injuries.
The gnoll shouts!
The orc is distracted by your dazzling golden aura.
The cyclops throws a large rock.
The large rock hits you!!
Ouch! That really hurt!
You die...
Your body crumbles into a pile of gold.

.........O<....#
..........$....#
......g....$...#
##..###+###gO.####
##'###...##.oT##.##
......>...#..$°.°.#
..........#.."○○°.#
..........#...C○°.#
##..###+#######.@##
##..# #### #...#
#...# #...+ '...#
#...# #...# #...#


You could see a cyclops, a troll, an ogre, a gnoll and an orc (unaware).

Vanquished Creatures
  An orc warrior (D:6)
  An ogre (D:6)
  2 gnoll sergeants (D:6)
  An orc wizard (D:6)
  A dart slug (D:1)
  A ball python (D:1)
  A giant cockroach (D:1)
  2 goblins
  2 hobgoblins (D:3)
  A kobold (D:1)
  A rat (D:1)
14 creatures vanquished.

Vanquished Creatures (collateral kills)
  Grinder (D:3)
  A human (D:4)
  A sky beast (D:5)
  A centaur (D:5)
  4 ogres
  A bullfrog (D:5)
  4 scorpions
  4 howler monkeys (D:6)
  A bombardier beetle (D:5)
  A human zombie (D:4)
  An orc priest (D:5)
  2 jellies
  A sleepcap (D:5)
  Jessica (D:3)
  Ijyb (D:3)
  2 iguanas
  3 orc wizards
  8 adders
  10 gnolls
  2 dart slugs
  14 orcs
  6 endoplasms
  4 giant cockroaches
  3 goblins
  4 hobgoblins
  13 jackals
  5 kobolds
  3 quokkas
  9 ball pythons
  3 bats
  6 frilled lizards
  4 rats
124 creatures vanquished.

Vanquished Creatures (others)
  4 blazeheart cores (D:6)
4 creatures vanquished.

Grand Total: 142 creatures vanquished

Notes
Turn   | Place    | Note
-------+----------+-------------------------------------------
     0 | D:1      | smashvw the Felid Summoner began the quest for the Orb.
     0 | D:1      | Reached XP level 1. HP: 9/9 MP: 4/4
   131 | D:1      | Found a faded altar of an unknown god.
   144 | D:1      | Reached XP level 2. HP: 7/13 MP: 4/6
   178 | D:1      | Got Plato's Compendium of Bodies
   954 | D:2      | Reached XP level 3. HP: 13/16 MP: 5/8
  1046 | D:2      | Learned a level 3 spell: Summon Ice Beast
  1165 | D:2      | Learned a level 3 spell: Call Canine Familiar
  1524 | D:2      | Reached XP level 4. HP: 21/21 MP: 5/9
  1524 | D:2      | Gained a life (2 lives remaining)
  1964 | D:3      | Reached skill level 5 in Summonings
  2147 | D:3      | Reached XP level 5. HP: 24/24 MP: 6/11
  2283 | D:3      | Noticed Grinder
  2326 | D:3      | Paralysed by Grinder for 4 turns
  2329 | D:3      | Slain by Grinder
  2329 | D:3      | Lost a life (1 life remaining)
  2386 | D:3      | Killed Grinder
  2387 | D:3      | Reached skill level 6 in Summonings
  2387 | D:3      | Gained mutation: You are covered in thick fur. (AC +2)
                  | [Felid growth]
  2387 | D:3      | Reached XP level 6. HP: 28/28 MP: 6/13
  2423 | D:3      | Learned a level 4 spell: Summon Blazeheart Golem
  2543 | D:3      | Found a burning altar of Makhleb.
  2577 | D:3      | Noticed Jessica
  2584 | D:3      | Killed Jessica
  2900 | D:3      | Noticed Ijyb
  2911 | D:3      | Killed from afar by Ijyb
  2911 | D:3      | Lost a life (0 lives remaining)
  3064 | D:3      | Killed Ijyb
  3265 | D:4      | Found an opulent altar of Gozag.
  3307 | D:4      | Became a worshipper of Gozag Ym Sagoz the Greedy
  3356 | D:4      | Reached skill level 1 in Fire Magic
  3630 | D:4      | Found a runed translucent door.
  3630 | D:4      | Noticed a human
  3635 | D:4      | Found a basalt altar of Yredelemnul.
  3652 | D:4      | Killed a human
  4005 | D:4      | Reached XP level 7. HP: 32/32 MP: 9/15
  4005 | D:4      | Gained a life (1 life remaining)
  4031 | D:4      | Reached skill level 5 in Spellcasting
  4140 | D:4      | Learned a level 5 spell: Summon Mana Viper
  4379 | D:4      | Found a shadowy altar of Dithmenos.
  4684 | D:5      | Entered Level 5 of the Dungeon
  4890 | D:5      | Found Vahes's Jewellery Boutique.
  5246 | D:5      | Reached skill level 7 in Summonings
  5437 | D:5      | Reached XP level 8. HP: 36/36 MP: 14/17
  5801 | D:5      | Found a sparkling altar of Nemelex Xobeh.
  6146 | D:6      | Found Eridaxt's Book Emporium.
  6171 | D:6      | Engulfed by an orc wizard's steam
  6171 | D:6      | Lost a life (0 lives remaining)
  6181 | D:6      | Reached skill level 8 in Summonings
  6186 | D:6      | Noticed a cyclops
  6213 | D:6      | Noticed a troll
  6218 | D:6      | Reached skill level 5 in Fire Magic
  6218 | D:6      | Reached XP level 9. HP: 17/39 MP: 6/20
  6220 | D:6      | Hit by a large rock thrown by a cyclops

Illustrated notes

Levels and vault maps discovered:
D:1:      psy_arrival_fountain, layout_basic,
          shapermc_ecumenical_altar_rom_forum
D:2:      layout_rooms, kennysheep_generic_room_8
D:3:      layout_loops_ring, mainiacjoe_overflow_24_doors,
          chequers_serial_rivers_small_3, corexii_shack, minmay_checkerbox,
          uniq_ijyb, uniq_jessica, uniq_grinder
D:4:      layout_basic, nicolae_gozag_seed_capital,
          mainiacjoe_overflow_alcove_1, dk_yredelemnul_ordeal
D:5:      layout_basic, nemelex_dance_club_becter, serial_shops,
          nicolae_shop_gaudy_bauble
D:6:      lemuel_castle_with_subvaults [lemuel_castle_interior_original],
          layout_gridville, serial_shops, shop, serial_glass, glass_columns_a,
          glass_columns_a

Skill      XL: |  1  2  3  4  5  6  7  8 |
---------------+-------------------------+-----
Spellcasting   | 3 4 5 7 |  7.1
Summonings     | 5 6 7 8 |  8.4
Fire Magic     | 1 3 5 |  5.0
Dodging        | |  2.6
Stealth        | |  2.6

Action                     |  1- 3 |  4- 6 |  7- 9 || total
---------------------------+-------+-------+-------++-------
  Melee: Unarmed           |    21 |    12 |     2 ||    35
         Bite              |     1 |     1 |       ||     2
         Punch             |       |     1 |       ||     1
   Cast: Summon Small Mamm |    41 |     3 |       ||    44
         Summon Ice Beast  |     5 |    30 |    21 ||    56
         Call Canine Famil |     2 |    20 |    16 ||    38
         Summon Blazeheart |       |       |     8 ||     8
    Use: Scroll            |       |       |     7 ||     7
   Stab: Sleeping          |     1 |       |       ||     1
 Armour: Skin              |     9 |    17 |    19 ||    45
  Dodge: Dodged            |    17 |    24 |    26 ||    67

Table legend: (Time is in decaauts)
 A = Elapsed time spent in this place.
 B = Non-inter-level travel time spent in this place.
 C = Inter-level travel time spent in this place.
 D = Time resting spent in this place.
 E = Time spent auto-exploring this place.
 F = Levels seen in this place.
 G = Mean time per level.
                   A        B        C        D        E       F      G
               +--------+--------+--------+--------+--------+-----+--------+
         Total |   6222 |   6076 |    146 |      0 |   4959 |   6 | 1037.0 |
       Dungeon |   6222 |   6076 |    146 |      0 |   4959 |   6 | 1037.0 |
               +--------+--------+--------+--------+--------+-----+--------+

Top non-repeatable levels by time:
     D:4: 1470 daAuts
     D:5: 1388 daAuts
     D:3: 1387 daAuts
     D:1: 945 daAuts
     D:2: 882 daAuts
     D:6: 147 daAuts
